 Dungeon Crawl Stone Soup version 0.22.1-2-g9c5b331 (webtiles) character file.

599 nightchill the Ruffian (level 7, -5/61 HPs)
             Began as a Ghoul Gladiator on Dec 20, 2018.
             Slain by a gnoll sergeant
             ... wielding a +6 spear of venom
              (14 damage)
             ... on level 4 of the Dungeon.
             The game lasted 00:14:47 (3019 turns).

nightchill the Ruffian (Ghoul Gladiator)            Turns: 3019, Time: 00:14:48

Health: -5/61      AC:  6    Str: 18    XL:     7   Next: 41%
Magic:  6/6        EV: 10    Int:  5    God:
Gold:   192        SH:  3    Dex: 10    Spells: 6/6 levels left

rFire    . . .     SeeInvis .     - Unarmed
rCold    + . .     Gourm    .   s - +0 buckler
rNeg     + + +     Faith    .   l - +0 ring mail
rPois    ∞         Spirit   .   p - +0 helmet
rElec    .         Reflect  .   (no cloak)
rCorr    .         Harm     .   (no gloves)
MR       .....                  (no boots)
Stlth    ..........             (no amulet)
HPRegen  0.00/turn              (no ring)
MPRegen  0.10/turn              (no ring)

@: very slightly contaminated, rotting, invisible
A: rotting body, claws 1, carnivore, cold resistance 1, negative energy
resistance 3, inhibited regeneration, torment resistance, unbreathing
a: no special abilities


You were on level 4 of the Dungeon.
You were not hungry.

You visited 1 branch of the dungeon, and saw 4 of its levels.

You collected 192 gold pieces.

Inventory:

Hand Weapons
 b - a +0 hunting sling
Missiles
 c - 2 throwing nets
 g - 218 stones (quivered)
 m - 26 poisoned needles
Armour
 l - a +0 ring mail (worn)
 p - a +0 helmet (worn)
 s - a +0 buckler (worn)
Jewellery
 r - an uncursed ring of wizardry {unknown}
Wands
 u - a wand of iceblast (8)
Scrolls
 h - a scroll of teleportation
 j - a scroll of remove curse
Potions
 a - a potion of ambrosia {unknown}
 e - 3 potions of curing
 f - 3 potions of heal wounds {unknown}
 k - 3 potions of haste
 n - a potion of magic {unknown}
 o - a potion of invisibility
 q - a potion of lignification {unknown}
Comestibles
 d - 9 rations


   Skills:
 + Level 5.3 Fighting
 - Level 1.7 Throwing
 - Level 2.6 Dodging
 * Level 7.7 Unarmed Combat


You had 6 spell levels left.
You didn't know any spells.
Your spell library was empty.

Dungeon Overview and Level Annotations

Branches:
Dungeon (4/15)             Temple (0/1) D:4

Altars:
Dithmenos
Fedhas
Hepliaklqana
The Shining One

Annotations:
D:2 1 runed door
D:3 exclusion: downstairs
D:4 Menkaure


Innate Abilities, Weirdness & Mutations

Your body is rotting away.
You thrive on raw meat.
You are immune to poison.
You have sharp fingernails.
You are carnivorous and can eat meat at any time.
Your flesh is cold resistant. (rC+)
You are immune to negative energy. (rN+++)
You do not regenerate when monsters are visible.
You are immune to unholy pain and torment.
You can survive without breathing.


Message History

The gnoll sergeant is heavily wounded.
The gnoll sergeant hits you with a spear of venom!
* * * LOW HITPOINT WARNING * * *
The gnoll shaman calls upon its god to heal the gnoll sergeant.
The gnoll sergeant is healed somewhat.
It was a potion of invisibility.
You fade into invisibility!
The gnoll sergeant hits you with a spear of venom!
* * * LOW HITPOINT WARNING * * *
The gnoll sergeant barely misses you.
You are very lightly contaminated with residual magic.
The walls and floor vibrate strangely for a moment.
The gnoll shaman invokes the aid of its god against you.
The gnoll sergeant is outlined in light.
The gnoll sergeant shouts!
You block the gnoll sergeant's attack. The gnoll sergeant barely misses you.
The gnoll sergeant closely misses you.
The gnoll sergeant hits you with a spear of venom!
You die...

####.##.#####
#.##.# #
#.##.#######.#
#.##.........##
#g#####.......#
.. #g# #.#####.#
....###.# #.#
.......g#####.###
....##..g.g@....#
.. #.....###.#.#
##...## #.#.###.#
##.## #......>#
#.# ###.##### #.#
#.# ## #+#
#####.#### .
#........## .##
#.###.....#


You could see a gnoll sergeant and 2 gnoll shamans.

Vanquished Creatures
  A scorpion (D:2)
  A hound (D:3)
  2 orc priests (D:4)
  3 orc wizards
  A gnoll shaman (D:4)
  Ijyb (D:3)
  Robin (D:2)
  7 adders
  13 gnolls (D:4)
  3 worms
  4 dart slugs
  4 leopard geckos
  8 orcs
  3 giant cockroaches
  13 goblins
  11 hobgoblins
  7 jackals
  3 quokkas
  A ball python (D:1)
  9 bats
  8 frilled lizards
  7 kobolds
  9 rats
120 creatures vanquished.

Notes
Turn   | Place    | Note
-------+----------+-------------------------------------------
     0 | D:1      | nightchill the Ghoul Gladiator began the quest for the Orb.
     0 | D:1      | Reached XP level 1. HP: 17/17 MP: 0/0
    93 | D:1      | Reached XP level 2. HP: 14/25 MP: 1/1
   304 | D:1      | Reached skill level 4 in Unarmed Combat
   440 | D:1      | Reached XP level 3. HP: 30/30 MP: 2/2
   996 | D:2      | Noticed Robin
  1014 | D:2      | Killed Robin
  1028 | D:2      | Reached XP level 4. HP: 38/38 MP: 3/3
  1240 | D:2      | Reached skill level 5 in Unarmed Combat
  1433 | D:2      | Reached XP level 5. HP: 43/45 MP: 4/4
  1521 | D:2      | Found a runed door.
  1904 | D:3      | Reached skill level 6 in Unarmed Combat
  1951 | D:3      | Found a shadowy altar of Dithmenos.
  1952 | D:3      | Found a glowing golden altar of the Shining One.
  2005 | D:3      | Found a hazy altar of Hepliaklqana.
  2233 | D:4      | Noticed Ijyb
  2246 | D:3      | Reached XP level 6. HP: 38/52 MP: 5/5
  2350 | D:3      | Killed Ijyb
  2427 | D:4      | Found a blossoming altar of Fedhas.
  2457 | D:4      | Found a staircase to the Ecumenical Temple.
  2496 | D:4      | Noticed Menkaure
  2545 | D:4      | Reached skill level 7 in Unarmed Combat
  2623 | D:4      | Reached XP level 7. HP: 60/60 MP: 6/6
  2735 | D:4      | Reached skill level 5 in Fighting
  3019 | D:4      | Slain by a gnoll sergeant

Skill      XL: |  1  2  3  4  5  6  7 |
---------------+----------------------+-----
Unarmed Combat | 4 5 6 7 |  7.7
Fighting       | 3 4 5 |  5.3
Throwing       | |  1.7
Dodging        | |  2.6

Action                   |  1- 3 |  4- 6 |  7- 9 || total
-------------------------+-------+-------+-------++-------
Melee: Unarmed           |   105 |   229 |    96 ||   430
       Punch             |     1 |       |       ||     1
Throw: Throwing net      |       |     1 |       ||     1
       Stone             |       |     3 |     6 ||     9
  Use: Scroll            |       |     6 |       ||     6
       Potion            |       |       |     2 ||     2
  Eat: Chunk             |    19 |    26 |    28 ||    73
Armor: Leather armour    |    30 |       |       ||    30
       Ring mail         |    19 |    75 |    33 ||   127
Dodge: Dodged            |    74 |   119 |    49 ||   242
Block: Buckler           |       |    12 |    15 ||    27
